AoeStats
← TTPK4506

Arena

510040057Analyzed
4v4 RM · 2d ago on Sep 29, 2026· 42m 3s· 8 players
Game mode
Random Map
Map size
Large (8 player)
Population
200
Speed
Normal
Resources
Standard
Victory
Conquest
Starting age
Dark Age
Ending age
Imperial Age
RankedLock teamsTeams togetherTeam positionsShared explorationLock speedFull tech treeHidden civsTurbo modeCheats
Victory
Defeat
🇨🇳 Teutons · China
1151
+13
🇹🇼 Koreans · Taiwan
1138
+14
🇨🇳 Italians · China
1131
+14
🇨🇳 Danes · China
1121
+14
🇧🇷 Khmer · Brazil
1100
-14
🇲🇽 Persians · Mexico
1097
-14
🇵🇪 Tatars · Peru
1088
-31
🇲🇽 Romans · Mexico
1073
-13
我的哈哈哈
10:39 Feudal Age
11:08 Double-Bit Axe
11:51 Horse Collar
12:35 Horse Collar
15:00 Castle Age
16:31 Wheelbarrow
16:13 Bow Saw
18:27 Loom
21:38 Heavy Plow
23:04 Hand Cart
25:05 Town Watch
28:57 Imperial Age
26:51 Stone Mining
26:52 Gold Mining
27:33 Town Patrol
28:37 Gold Shaft Mining
28:41 Scale Mail Armor
29:25 Forging
29:55 Stone Shaft Mining
30:01 Chain Mail Armor
30:11 Chain Mail Armor
30:19 Chain Mail Armor
30:52 Iron Casting
31:54 Plate Mail Armor
30:51 Hamask
31:56 Conscription
31:27 Elite Jomsviking
32:28 Conscription
32:11 Squires
31:59 Gambesons
31:59 Arson
33:16 Blast Furnace
33:24 Fletching
34:07 Siege Engineers
34:25 Town Patrol
34:00 Northmen's Fury
34:45 Pikeman
38:13 Chemistry
37:24 Masonry
40:02 Elite Varangian Guard
新手玩玩
3:17 Loom
11:58 Feudal Age
12:55 Double-Bit Axe
12:52 Horse Collar
17:04 Castle Age
15:36 Fletching
16:22 Scale Mail Armor
16:26 Stone Mining
16:54 Gold Mining
17:26 Pikeman
19:21 Bow Saw
20:44 Squires
22:31 Wheelbarrow
23:19 Padded Archer Armor
23:33 Forging
26:02 Heavy Plow
28:27 Hand Cart
29:12 Town Watch
29:37 Bodkin Arrow
32:21 Ironclad
32:37 Chain Mail Armor
36:09 Iron Casting
38:18 Imperial Age
39:01 Ballistics
38:51 Masonry
38:53 Fortified Wall
39:24 Iron Casting
38:26 Capped Ram
40:06 Plate Mail Armor
39:37 Padded Archer Armor
39:35 Arson
39:12 Halberdier
40:48 Conscription
Taiwan_倫仔
10:37 Feudal Age
11:16 Double-Bit Axe
12:32 Loom
16:45 Castle Age
15:28 Stone Mining
17:36 Bow Saw
17:11 Horse Collar
21:38 Gold Mining
22:39 Fletching
25:31 Town Watch
30:40 Wheelbarrow
32:01 Hand Cart
32:12 Pikeman
34:58 Gold Shaft Mining
35:13 Squires
38:01 Imperial Age
37:12 Scale Mail Armor
37:23 Forging
37:08 Bodkin Arrow
36:37 Crossbowman
37:22 Thumb Ring
37:09 Arson
39:57 Two-Man Saw
38:45 Treadmill Crane
40:06 Chemistry
39:27 Ballistics
39:48 Iron Casting
39:28 Chain Mail Armor
38:47 Halberdier
39:43 Capped Ram
41:34 Arbalester
42:30 Heavy Plow
285066173
10:35 Feudal Age
14:47 Castle Age
12:37 Double-Bit Axe
12:34 Horse Collar
14:31 Stone Mining
14:32 Gold Mining
22:24 Wheelbarrow
23:22 Bow Saw
24:32 Hand Cart
32:06 Imperial Age
30:01 Fletching
30:11 Padded Archer Armor
31:02 Bodkin Arrow
32:02 Heavy Plow
32:25 Ballistics
34:09 Chemistry
34:08 Bracer
34:45 Conscription
36:07 Crop Rotation
35:31 Elite Genoese Crossbowman
Sniper_Wolf
4:44 Loom
11:14 Feudal Age
15:42 Castle Age
13:36 Double-Bit Axe
15:15 Horse Collar
15:29 Gold Mining
16:39 Bow Saw
16:33 Heavy Plow
20:38 Wheelbarrow
23:32 Scale Barding Armor
23:37 Forging
24:54 Chain Barding Armor
24:45 Forging
30:19 Imperial Age
28:57 Town Watch
29:23 Forging
31:06 Husbandry
31:16 Bloodlines
31:36 Conscription
30:59 Heavy Scorpion
32:10 Siege Engineers
33:22 Chemistry
33:59 Hand Cart
36:19 Masonry
eduhaas
10:41 Feudal Age
14:23 Castle Age
12:36 Double-Bit Axe
12:52 Horse Collar
16:01 Bow Saw
21:09 Heavy Plow
24:35 Loom
25:25 Wheelbarrow
24:36 Town Watch
24:47 Gold Mining
24:49 Stone Mining
28:42 Imperial Age
27:54 Devotion
28:56 Forging
28:51 Scale Barding Armor
30:12 Iron Casting
33:09 Blast Furnace
32:29 Chain Barding Armor
32:44 Conscription
31:53 Capped Ram
34:18 Chemistry
33:38 Ballistics
33:45 Bloodlines
33:36 Husbandry
33:20 Elite War Elephant
34:58 Gold Shaft Mining
34:59 Stone Shaft Mining
34:08 Siege Ram
37:00 Plate Barding Armor
36:26 Scale Mail Armor
36:26 Padded Archer Armor
36:16 Fletching
37:13 Onager
37:43 Onager
TTPK4506
10:41 Feudal Age
12:04 Wheelbarrow
14:58 Castle Age
14:01 Double-Bit Axe
14:43 Gold Mining
17:46 Fletching
18:19 Crossbowman
20:02 Town Watch
20:03 Loom
21:46 Horse Collar
27:39 Bodkin Arrow
29:56 Bow Saw
29:49 Heavy Plow
30:27 Gold Shaft Mining
29:47 Stone Mining
31:00 Padded Archer Armor
34:12 Imperial Age
32:36 Hand Cart
33:19 Leather Archer Armor
33:47 Ballistics
35:03 Bracer
36:07 Chemistry
36:22 Conscription
35:26 Capped Ram
39:18 Siege Ram
41:53 Ring Archer Armor
"V1n1"™
9:16 Loom
11:01 Feudal Age
14:09 Castle Age
12:03 Double-Bit Axe
16:10 Bow Saw
21:01 Horse Collar
28:03 Imperial Age
25:53 Stone Mining
26:23 Gold Mining
35:05 Heavy Plow
39:43 Wheelbarrow
Connection lost

Rejoining the realm…

Still unreachable

The connection could not be restored.

Session expired

The server has moved on; the page needs a fresh start.